 Dungeon Crawl Stone Soup version 0.19.1-1-g22dce08 (webtiles) character file.

135 CougarLife the Poker (level 4, -14/40 HPs)
             Began as a Minotaur Berserker on Dec 28, 2016.
             Was a Believer of Trog.
             Demolished by Sigmund
             ... wielding a +0 scythe
              (15 damage)
             ... on level 3 of the Dungeon.
             The game lasted 00:07:35 (1803 turns).

CougarLife the Poker (Minotaur Berserker)           Turns: 1803, Time: 00:07:35

Health: -14/40     AC:  2    Str: 21    XL:     4   Next: 97%
Magic:  3/3        EV: 13    Int:  4    God:    Trog [**....]
Gold:   51         SH:  0    Dex: 11    Spells: 0 memorised, 3 levels left

rFire  . . .     SeeInvis .     a - +0 spear
rCold  . . .     Gourm    .     b - +0 animal skin
rNeg   . . .     Faith    .     (no shield)
rPois  .         Spirit   .     (helmet restricted)
rElec  .         Reflect  .     (no cloak)
rCorr  .         Harm     .     (no gloves)
MR     .....                    (no boots)
Stlth  +.........               (no amulet)
                                (no ring)
                                (no ring)

@: exhausted, slowed, very slow
A: retaliatory headbutt, horns 2
a: Berserk, Trog's Hand, Burn Spellbooks, Renounce Religion


You were on level 3 of the Dungeon.
You worshipped Trog.
Trog was pleased with you.
You were hungry.

You visited 1 branch of the dungeon, and saw 3 of its levels.

You collected 51 gold pieces.

Inventory:

Hand Weapons
 a - a +0 spear (weapon)
Armour
 b - a +0 animal skin (worn)
Scrolls
 d - 2 scrolls of teleportation {unknown}
 e - 2 scrolls of identify {unknown}
 g - a scroll of immolation {unknown}
 h - 2 scrolls of remove curse {unknown}
 i - 2 scrolls of amnesia {unknown}
 n - 2 scrolls of magic mapping {unknown}
 o - a scroll of random uselessness {unknown}
 p - a scroll of enchant weapon {unknown}
Potions
 f - a potion of cure mutation {unknown}
 j - a potion of flight {unknown}
 k - a potion of ambrosia {unknown}
 l - 2 potions of degeneration {unknown}
 m - 2 potions of curing {unknown}
Comestibles
 c - 4 bread rations
 q - a chunk of flesh


   Skills:
 - Level 4.1 Fighting
 * Level 5.3 Polearms
 + Level 3.2 Armour
 + Level 3.5 Dodging


You had 3 spell levels left.
You didn't know any spells.

Dungeon Overview and Level Annotations

Branches:
Dungeon (3/15)

Altars:

Annotations:
D:3 Sigmund


Innate Abilities, Weirdness & Mutations

You reflexively headbutt those who attack you in melee.
You have a pair of horns on your head.


Message History

No target in view!
No target in view!
No target in view!
You feel a strong urge to attack something.
You feel your anger subside. Something hits you.
No target in view!
You are no longer berserk.
You are exhausted.
You feel yourself slow down. Something hits you!
* * * LOW HITPOINT WARNING * * *
You are too injured to fight recklessly!
You are too injured to fight recklessly!
You hear some strange, mumbled words.
A magic dart appears from out of thin air!
The magic dart hits you!
* * * LOW HITPOINT WARNING * * *
Something hits you!
You die...

##.##...### ###
###...#...... #..
.......#...# #.#
#.#.#.#...# #.##
###.......... #..#
...#.......#
#?.#####.#..####.#
#.{.........####.#
#@...#......(....#
#..$.#.#....######
#...†..#.#÷.#### #
#.....#.#.........#
#.##..#.#.....#####
# #......##<###
#...####### ....#
...#


There were no monsters in sight!

Vanquished Creatures
  An orc wizard (D:3)
  5 adders
  An ooze (D:1)
  2 worms
  2 leopard geckos (D:3)
  5 orcs (D:3)
  3 giant cockroaches
  2 goblins
  3 hobgoblins (D:2)
  6 jackals
  2 ball pythons (D:1)
  6 bats
  5 kobolds
  4 rats
47 creatures vanquished.

Notes
Turn   | Place    | Note
-------+----------+-------------------------------------------
     0 | D:1      | CougarLife the Minotaur Berserker began the quest for the Orb.
     0 | D:1      | Reached XP level 1. HP: 19/19 MP: 0/0
   110 | D:1      | Reached XP level 2. HP: 26/27 MP: 1/1
   245 | D:1      | Reached skill level 4 in Polearms
   482 | D:2      | Reached XP level 3. HP: 24/33 MP: 2/2
  1260 | D:3      | Reached ** piety under Trog
  1265 | D:3      | Reached XP level 4. HP: 33/40 MP: 3/3
  1270 | D:3      | Reached skill level 5 in Polearms
  1791 | D:3      | Noticed Sigmund
  1803 | D:3      | HP: 1/40 [something/magic dart (6)]
  1803 | D:3      | Demolished by Sigmund

Skill      XL: |  1  2  3  4 |
---------------+-------------+-----
Fighting       | 4 |  4.1
Polearms       | 4 5 |  5.3
Armour         | 3 |  3.2
Dodging        | 3 |  3.5

Action                   |  1- 3 |  4- 6 || total
-------------------------+-------+-------++-------
Melee: Spear             |    91 |    51 ||   142
       Headbutt          |     6 |     9 ||    15
Invok: Berserk           |       |     1 ||     1
 Stab: Sleeping          |     1 |       ||     1
  Eat: Chunk             |     1 |     2 ||     3
Armor: Animal skin       |    10 |     4 ||    14
Dodge: Dodged            |    53 |    20 ||    73
